Workbook
Name XDO_?NET_ASSET_VAL?8?: 'IB18-NI'!$E$763

Sheet IB18-NI
A1: IB18-Groww Nifty Total Market Index Fund
A2: Top 7 issuers and stocks respectively as % of NAV of the scheme
A3: ISIN | B3: Name Of Instrument | C3: Rating/Industry | D3: % To Net Assets
A4: INE040A01034 | B4: HDFC Bank Limited | C4: Banks | D4: 0.054628419
A5: INE090A01021 | B5: ICICI Bank Limited | C5: Banks | D5: 0.049031219
A6: INE002A01018 | B6: Reliance Industries Limited | C6: Petroleum Products | D6: 0.042128132
A7: INE397D01024 | B7: Bharti Airtel Limited | C7: Telecom - Services | D7: 0.02859342
A8: INE018A01030 | B8: Larsen & Toubro Limited | C8: Construction | D8: 0.021982335
A9: INE062A01020 | B9: State Bank of India | C9: Banks | D9: 0.020249564
A10: INE009A01021 | B10: Infosys Limited | C10: IT - Software | D10: 0.018900595
A13: Top 7 groups as % of NAV of the scheme
A14: Management Group | C14: % to NAV
A15: =+TMI!A1 -> PSU | C15: 0.0865
A16: =+TMI!A2 -> HDFC | C16: 0.0607
A17: =+TMI!A3 -> Tata | C17: 0.0564
A18: =+TMI!A4 -> ICICI | C18: 0.0526
A19: =+TMI!A5 -> Mukesh Ambani | C19: 0.0463
A20: =+TMI!A6 -> Bharti | C20: 0.0316
A21: =+TMI!A7 -> Bajaj | C21: 0.0295
A23: Top 4 sectors as % of NAV of the scheme
A24: Sector | B24: % to NAV
A25: Banks | B25: 18.86
A26: Finance | B26: 6.83
A27: IT - Software | B27: 5.89
A28: Pharmaceuticals & Biotechnology | B28: 5.6

Sheet TMI
A1: PSU | B1: 8.649903
A2: HDFC | B2: 6.068799
A3: Tata | B3: 5.644437
A4: ICICI | B4: 5.26161
A5: Mukesh Ambani | B5: 4.6314
A6: Bharti | B6: 3.157725
A7: Bajaj | B7: 2.947124

Sheet IB20-NS
A1: IB20-Groww Nifty Smallcap 250 Index Fund
A2: Top 7 issuers and stocks respectively as % of NAV of the scheme
A3: ISIN | B3: Name Of Instrument | C3: Rating/Industry | D3: % To Net Assets
A4: INE073K01018 | B4: Sona BLW Precision Forgings Limited | C4: Auto Components | D4: 0.016024109
A5: INE036D01028 | B5: Karur Vysya Bank Limited | C5: Banks | D5: 0.01502683
A6: INE048G01026 | B6: Navin Fluorine International Limited | C6: Chemicals & Petrochemicals | D6: 0.012935259
A7: INE148O01028 | B7: Delhivery Limited | C7: Transport Services | D7: 0.012539516
A8: INE202B01038 | B8: Piramal Finance Limited | C8: Finance | D8: 0.011496384
A9: INE0LEZ01016 | B9: Ather Energy Limited | C9: Automobiles | D9: 0.011231557
A10: INE736A01011 | B10: Central Depository Services (India) Limited | C10: Capital Markets | D10: 0.011029929
A13: Top 7 groups as % of NAV of the scheme
A14: Management Group | C14: % to NAV
A15: =+'smc250 index'!A1 -> PSU | C15: 0.0691
A16: =+'smc250 index'!A2 -> MNC | C16: 0.0263
A17: =+'smc250 index'!A3 -> Murugappa Chettiar | C17: 0.0164
A18: =+'smc250 index'!A4 -> Tata | C18: 0.0138
A19: =+'smc250 index'!A5 -> RP Sanjiv Goenka | C19: 0.0136
A20: =+'smc250 index'!A6 -> Arvind Mafatlal | C20: 0.0129
A21: =+'smc250 index'!A7 -> Welspun | C21: 0.0123
A23: Top 4 sectors as % of NAV of the scheme
A24: Sector | B24: % to NAV
A25: Finance | B25: 9.78
A26: Pharmaceuticals & Biotechnology | B26: 8.39
A27: Industrial Products | B27: 7.1
A28: Auto Components | B28: 6.76

Sheet smc250 index
A1: PSU | B1: 6.913797
A2: MNC | B2: 2.629085
A3: Murugappa Chettiar | B3: 1.640468
A4: Tata | B4: 1.376068
A5: RP Sanjiv Goenka | B5: 1.364207
A6: Arvind Mafatlal | B6: 1.293526
A7: Welspun | B7: 1.234977

Sheet IB21-NC
A1: IB21-Groww Nifty Non-Cycl Consumer Index Fund
A2: Top 7 issuers and stocks respectively as % of NAV of the scheme
A3: ISIN | B3: Name Of Instrument | C3: Rating/Industry | D3: % To Net Assets
A4: INE397D01024 | B4: Bharti Airtel Limited | C4: Telecom - Services | D4: 0.10140664
A5: INE154A01025 | B5: ITC Limited | C5: Diversified FMCG | D5: 0.0934324
A6: INE758T01015 | B6: Eternal Limited | C6: Retailing | D6: 0.091141241
A7: INE280A01028 | B7: Titan Company Limited | C7: Consumer Durables | D7: 0.083894973
A8: INE030A01027 | B8: Hindustan Unilever Limited | C8: Diversified FMCG | D8: 0.07770378
A9: INE021A01026 | B9: Asian Paints Limited | C9: Consumer Durables | D9: 0.051781687
A10: INE646L01027 | B10: InterGlobe Aviation Limited | C10: Transport Services | D10: 0.048780706
A13: Top 7 groups as % of NAV of the scheme
A14: Management Group | C14: % to NAV
A15: =+NCCI!A1 -> Tata | C15: 0.2032
A16: =+NCCI!A2 -> Bharti | C16: 0.1014
A17: =+NCCI!A3 -> ITC - MNC | C17: 0.0934
A18: =+NCCI!A4 -> Hindustan Unilever - MNC | C18: 0.0777
A19: =+NCCI!A5 -> Asian Paints | C19: 0.0518
A20: =+NCCI!A6 -> Interglobe | C20: 0.0488
A21: =+NCCI!A7 -> Nestle India - MNC | C21: 0.0451
A23: Top 4 sectors as % of NAV of the scheme
A24: Sector | B24: % to NAV
A25: Retailing | B25: 22.7
A26: Consumer Durables | B26: 18.58
A27: Diversified FMCG | B27: 17.11
A28: Telecom - Services | B28: 11

Sheet NCCI
A1: Tata | B1: 20.323347
A2: Bharti | B2: 10.140664
A3: ITC - MNC | B3: 9.34324
A4: Hindustan Unilever - MNC | B4: 7.770378
A5: Asian Paints | B5: 5.178169
A6: Interglobe | B6: 4.878071
A7: Nestle India - MNC | B7: 4.51161

Sheet IB23-EE
A1: IB23-Groww Nifty EV & New Age Automotive ETF
A2: Top 7 issuers and stocks respectively as % of NAV of the scheme
A3: ISIN | B3: Name Of Instrument | C3: Rating/Industry | D3: % To Net Assets
A4: INE101A01026 | B4: Mahindra & Mahindra Limited | C4: Automobiles | D4: 0.0844
A5: INE585B01010 | B5: Maruti Suzuki India Limited | C5: Automobiles | D5: 0.0818
A6: INE073K01018 | B6: Sona BLW Precision Forgings Limited | C6: Auto Components | D6: 0.0472
A7: INE917I01010 | B7: Bajaj Auto Limited | C7: Automobiles | D7: 0.04
A8: INE405E01023 | B8: UNO Minda Limited | C8: Auto Components | D8: 0.04
A9: INE775A01035 | B9: Samvardhana Motherson International Limited | C9: Auto Components | D9: 0.0397
A10: INE323A01026 | B10: Bosch Limited | C10: Auto Components | D10: 0.0387
A13: Top 7 groups as % of NAV of the scheme
A14: Management Group | C14: % to NAV
A15: =+'EV ETF'!A1 -> Tata | C15: 0.118
A16: =+'EV ETF'!A2 -> Mahindra & Mahindra | C16: 0.0844
A17: =+'EV ETF'!A3 -> Maruti Suzuki - MNC | C17: 0.0818
A18: =+'EV ETF'!A4 -> Murugappa Chettiar | C18: 0.045
A19: =+'EV ETF'!A5 -> Bajaj | C19: 0.04
A20: =+'EV ETF'!A6 -> Nirmal Kumar Minda | C20: 0.04
A21: =+'EV ETF'!A7 -> Sumi Motherson | C21: 0.0397
A23: Top 4 sectors as % of NAV of the scheme
A24: Sector | B24: % to NAV
A25: Automobiles | B25: 34.06
A26: Auto Components | B26: 33.35
A27: Chemicals & Petrochemicals | B27: 8.67
A28: Agricultural, Commercial & Construction Vehicles | B28: 4.35

Sheet EV ETF
A1: Tata | B1: 11.796582
A2: Mahindra & Mahindra | B2: 8.441836
A3: Maruti Suzuki - MNC | B3: 8.180369
A4: Murugappa Chettiar | B4: 4.496865
A5: Bajaj | B5: 4.002214
A6: Nirmal Kumar Minda | B6: 3.998453
A7: Sumi Motherson | B7: 3.968722

Sheet IB24-LE
A1: IB24-GROWW NIFTY 1D Rate Liquid ETF
A2: Top 7 issuers and stocks respectively as % of NAV of the scheme
A3: ISIN | B3: Name Of Instrument | C3: Rating/Industry | D3: % To Net Assets
A4: INTREP030826 | B4: The Clearing Corporation of India Ltd. | D4: 0.9949
A12: Top 7 groups as % of NAV of the scheme
A13: Management Group | C13: % to NAV
A22: Top 4 sectors as % of NAV of the scheme
A23: Sector | B23: % to NAV

Sheet IB25-DE
A1: IB25-Groww Nifty India Defence ETF
A2: Top 7 issuers and stocks respectively as % of NAV of the scheme
A3: ISIN | B3: Name Of Instrument | C3: Rating/Industry | D3: % To Net Assets
A4: INE066F01020 | B4: Hindustan Aeronautics Limited | C4: Aerospace & Defense | D4: 0.21561809
A5: INE263A01024 | B5: Bharat Electronics Limited | C5: Aerospace & Defense | D5: 0.19013732
A6: INE465A01025 | B6: Bharat Forge Limited | C6: Auto Components | D6: 0.15146476
A7: INE343H01029 | B7: Solar Industries India Limited | C7: Chemicals & Petrochemicals | D7: 0.11573102
A8: INE249Z01020 | B8: Mazagon Dock Shipbuilders Limited | C8: Industrial Manufacturing | D8: 0.04674263
A9: INE386C01029 | B9: ASTRA MICROWAVE PRODUCTS LIMITED | C9: Aerospace & Defense | D9: 0.040696833
A10: INE0IX101010 | B10: Data Patterns (India) Limited | C10: Aerospace & Defense | D10: 0.033340951
A14: Top 7 groups as % of NAV of the scheme
A15: Management Group | C15: % to NAV
A16: =+'DEf ETF'!A1 -> PSU | C16: 0.5554
A17: =+'DEf ETF'!A2 -> Kalyani | C17: 0.1515
A24: Top 4 sectors as % of NAV of the scheme
A25: Sector | B25: % to NAV
A26: Aerospace & Defense | B26: 59.54
A27: Auto Components | B27: 15.15
A28: Chemicals & Petrochemicals | B28: 11.57
A29: Industrial Manufacturing | B29: 8.83

Sheet DEf ETF
A1: PSU | B1: 55.541666
A2: Kalyani | B2: 15.146476

Sheet IB31-RI
A1: IB31-Groww Nifty India Railways PSU Index Fund
A2: Top 7 issuers and stocks respectively as % of NAV of the scheme
A3: ISIN | B3: Name Of Instrument | C3: Rating/Industry | D3: % To Net Assets
A4: INE111A01025 | B4: Container Corporation of India Limited | C4: Transport Services | D4: 0.19952597
A5: INE053F01010 | B5: Indian Railway Finance Corporation Limited | C5: Finance | D5: 0.19613861
A6: INE335Y01020 | B6: Indian Railway Catering & Tourism Corp | C6: Leisure Services | D6: 0.16251228
A7: INE415G01027 | B7: Rail Vikas Nigam Limited | C7: Construction | D7: 0.14077608
A8: INE733E01010 | B8: NTPC Limited | C8: Power | D8: 0.054905349
A9: INE263A01024 | B9: Bharat Electronics Limited | C9: Aerospace & Defense | D9: 0.046330726
A10: INE962Y01021 | B10: Ircon International Limited | C10: Construction | D10: 0.045153555
A14: Top 7 groups as % of NAV of the scheme
A15: Management Group | C15: % to NAV
A16: PSU | C16: 1
A24: Top 4 sectors as % of NAV of the scheme
A25: Sector | B25: % to NAV
A26: Construction | B26: 21.75
A27: Transport Services | B27: 19.95
A28: Finance | B28: 19.61
A29: Leisure Services | B29: 16.25

Sheet IB32-RE
A1: IB32-Groww Nifty India Railways PSU ETF
A2: Top 7 issuers and stocks respectively as % of NAV of the scheme
A3: ISIN | B3: Name Of Instrument | C3: Rating/Industry | D3: % To Net Assets
A4: INE111A01025 | B4: Container Corporation of India Limited | C4: Transport Services | D4: 0.19922528
A5: INE053F01010 | B5: Indian Railway Finance Corporation Limited | C5: Finance | D5: 0.19584675
A6: INE335Y01020 | B6: Indian Railway Catering & Tourism Corp | C6: Leisure Services | D6: 0.16226405
A7: INE415G01027 | B7: Rail Vikas Nigam Limited | C7: Construction | D7: 0.14056431
A8: INE733E01010 | B8: NTPC Limited | C8: Power | D8: 0.054821145
A9: INE263A01024 | B9: Bharat Electronics Limited | C9: Aerospace & Defense | D9: 0.046258692
A10: INE962Y01021 | B10: Ircon International Limited | C10: Construction | D10: 0.045086818
A14: Top 7 groups as % of NAV of the scheme
A15: Management Group | C15: % to NAV
A16: PSU | C16: 1
A24: Top 4 sectors as % of NAV of the scheme
A25: Sector | B25: % to NAV
A26: Construction | B26: 21.71
A27: Transport Services | B27: 19.92
A28: Finance | B28: 19.58
A29: Leisure Services | B29: 16.23

Sheet IB33-2E
A1: IB33-GROWW NIFTY 200 ETF
A2: Top 7 issuers and stocks respectively as % of NAV of the scheme
A3: ISIN | B3: Name Of Instrument | C3: Rating/Industry | D3: % To Net Assets
A4: INE040A01034 | B4: HDFC Bank Limited | C4: Banks | D4: 0.066803344
A5: INE090A01021 | B5: ICICI Bank Limited | C5: Banks | D5: 0.059952886
A6: INE002A01018 | B6: Reliance Industries Limited | C6: Petroleum Products | D6: 0.051512212
A7: INE397D01024 | B7: Bharti Airtel Limited | C7: Telecom - Services | D7: 0.034963455
A8: INE018A01030 | B8: Larsen & Toubro Limited | C8: Construction | D8: 0.026895035
A9: INE062A01020 | B9: State Bank of India | C9: Banks | D9: 0.024758242
A10: INE009A01021 | B10: Infosys Limited | C10: IT - Software | D10: 0.023114959
A14: Top 7 groups as % of NAV of the scheme
A15: Management Group | C15: % to NAV
A16: =+'Nifty 200 ETF'!A1 -> PSU | C16: 0.0915
A17: =+'Nifty 200 ETF'!A2 -> HDFC | C17: 0.0733
A18: =+'Nifty 200 ETF'!A3 -> Tata | C18: 0.0671
A19: =+'Nifty 200 ETF'!A4 -> ICICI | C19: 0.0631
A20: =+'Nifty 200 ETF'!A5 -> Mukesh Ambani | C20: 0.0564
A21: =+'Nifty 200 ETF'!A6 -> Bharti | C21: 0.0379
A22: =+'Nifty 200 ETF'!A7 -> Bajaj | C22: 0.0349
A24: Top 4 sectors as % of NAV of the scheme
A25: Sector | B25: % to NAV
A26: Banks | B26: 21.89
A27: IT - Software | B27: 6.85
A28: Finance | B28: 6.46
A29: Petroleum Products | B29: 6.05

Sheet Nifty 200 ETF
A1: PSU | B1: 9.153738
A2: HDFC | B2: 7.334655
A3: Tata | B3: 6.70658
A4: ICICI | B4: 6.312041
A5: Mukesh Ambani | B5: 5.641784
A6: Bharti | B6: 3.789906
A7: Bajaj | B7: 3.487808

Sheet IB35-3E
A1: IB35-Groww Nifty 500 Momentum 50 ETF
A2: Top 7 issuers and stocks respectively as % of NAV of the scheme
A3: ISIN | B3: Name Of Instrument | C3: Rating/Industry | D3: % To Net Assets
A4: INE947Q01028 | B4: Laurus Labs Limited | C4: Pharmaceuticals & Biotechnology | D4: 0.056065756
A5: INE721A01047 | B5: Shriram Finance Limited | C5: Finance | D5: 0.051384862
A6: INE038A01020 | B6: Hindalco Industries Limited | C6: Non - Ferrous Metals | D6: 0.049914198
A7: INE298A01020 | B7: Cummins India Limited | C7: Industrial Products | D7: 0.049678982
A8: INE745G01043 | B8: Multi Commodity Exchange of India Limited | C8: Capital Markets | D8: 0.04741122
A9: INE118H01025 | B9: BSE Ltd | C9: Capital Markets | D9: 0.046928492
A10: INE814H01029 | B10: Adani Power Limited | C10: Power | D10: 0.046007745
A14: Top 7 groups as % of NAV of the scheme
A15: Management Group | C15: % to NAV
A16: =+'MOM 50 ETF'!A1 -> PSU | C16: 0.0984
A17: =+'MOM 50 ETF'!A2 -> Birla Aditya | C17: 0.0862
A18: =+'MOM 50 ETF'!A3 -> Adani | C18: 0.0786
A19: =+'MOM 50 ETF'!A4 -> Shriram Transport | C19: 0.0514
A20: =+'MOM 50 ETF'!A5 -> Cummins India - MNC | C20: 0.0497
A21: =+'MOM 50 ETF'!A6 -> MCX | C21: 0.0474
A22: =+'MOM 50 ETF'!A7 -> Federal Bank | C22: 0.0397
A24: Top 4 sectors as % of NAV of the scheme
A25: Sector | B25: % to NAV
A26: Electrical Equipment | B26: 18.01
A27: Pharmaceuticals & Biotechnology | B27: 12.94
A28: Industrial Products | B28: 12.57
A29: Capital Markets | B29: 10.96

Sheet MOM 50 ETF
A1: PSU | B1: 9.839973
A2: Birla Aditya | B2: 8.616851
A3: Adani | B3: 7.86381
A4: Shriram Transport | B4: 5.138486
A5: Cummins India - MNC | B5: 4.967898
A6: MCX | B6: 4.741122
A7: Federal Bank | B7: 3.974102

Sheet IB40-5E
A1: IB40-Groww Nifty 500 Low Volatility 50 ETF
A2: Top 7 issuers and stocks respectively as % of NAV of the scheme
A3: ISIN | B3: Name Of Instrument | C3: Rating/Industry | D3: % To Net Assets
A4: INE467B01029 | B4: Tata Consultancy Services Limited | C4: IT - Software | D4: 0.052022465
A5: INE044A01036 | B5: Sun Pharmaceutical Industries Limited | C5: Pharmaceuticals & Biotechnology | D5: 0.049606813
A6: INE397D01024 | B6: Bharti Airtel Limited | C6: Telecom - Services | D6: 0.049289042
A7: INE062A01020 | B7: State Bank of India | C7: Banks | D7: 0.048994694
A8: INE733E01010 | B8: NTPC Limited | C8: Power | D8: 0.048299745
A9: INE752E01010 | B9: Power Grid Corporation of India Limited | C9: Power | D9: 0.045195893
A10: INE585B01010 | B10: Maruti Suzuki India Limited | C10: Automobiles | D10: 0.044816102
A14: Top 7 groups as % of NAV of the scheme
A15: Management Group | C15: % to NAV
A16: =+'Low vol 50 ETF'!A1 -> PSU | C16: 0.1624
A17: =+'Low vol 50 ETF'!A2 -> Tata | C17: 0.0752
A18: =+'Low vol 50 ETF'!A3 -> PSU - SBI | C18: 0.0531
A19: =+'Low vol 50 ETF'!A4 -> Sun Pharma | C19: 0.0496
A20: =+'Low vol 50 ETF'!A5 -> Bharti | C20: 0.0493
A21: =+'Low vol 50 ETF'!A6 -> Maruti Suzuki - MNC | C21: 0.0448
A22: =+'Low vol 50 ETF'!A7 -> Bajaj | C22: 0.0401
A24: Top 4 sectors as % of NAV of the scheme
A25: Sector | B25: % to NAV
A26: Pharmaceuticals & Biotechnology | B26: 18.24
A27: Automobiles | B27: 12.2
A28: Power | B28: 11.46
A29: IT - Software | B29: 8.29

Sheet Low vol 50 ETF
A1: PSU | B1: 16.240275
A2: Tata | B2: 7.522897
A3: PSU - SBI | B3: 5.307175
A4: Sun Pharma | B4: 4.960681
A5: Bharti | B5: 4.928904
A6: Maruti Suzuki - MNC | B6: 4.48161
A7: Bajaj | B7: 4.005342

Sheet IB41-6E
A1: IB41-Groww Nifty India Internet ETF
A2: Top 7 issuers and stocks respectively as % of NAV of the scheme
A3: ISIN | B3: Name Of Instrument | C3: Rating/Industry | D3: % To Net Assets
A4: INE758T01015 | B4: Eternal Limited | C4: Retailing | D4: 0.21717088
A5: INE982J01020 | B5: One 97 Communications Limited | C5: Financial Technology (Fintech) | D5: 0.11517985
A6: INE417T01026 | B6: PB Fintech Limited | C6: Financial Technology (Fintech) | D6: 0.11288771
A7: INE663F01032 | B7: Info Edge (India) Limited | C7: Retailing | D7: 0.095662282
A8: INE388Y01029 | B8: FSN E-Commerce Ventures Limited | C8: Retailing | D8: 0.09294443
A9: INE00H001014 | B9: SWIGGY LIMITED | C9: Retailing | D9: 0.082365788
A10: INE732I01021 | B10: Angel One Limited | C10: Capital Markets | D10: 0.039437134
A14: Top 7 groups as % of NAV of the scheme
A15: Management Group | C15: % to NAV
A16: =+'Internet ETF'!A1 -> Sanjeev Bikhchandani | C16: 0.0957
A17: =+'Internet ETF'!A2 -> PSU | C17: 0.0301
A18: =+'Internet ETF'!A3 -> Motilal Oswal | C18: 0.0271
A19: =+'Internet ETF'!A4 -> IIFL | C19: 0.0081
A20: =+'Internet ETF'!A5 -> MNC | C20: 0.0061
A21: =+'Internet ETF'!A6 -> Thomas Cook - MNC | C21: 0.0035
A22: =+'Internet ETF'!A7 -> Mukesh Ambani | C22: 0.0032
A24: Top 4 sectors as % of NAV of the scheme
A25: Sector | B25: % to NAV
A26: Retailing | B26: 56.9
A27: Financial Technology (Fintech) | B27: 24.28
A28: Capital Markets | B28: 10.52
A29: Leisure Services | B29: 5.31

Sheet Internet ETF
A1: Sanjeev Bikhchandani | B1: 9.566228
A2: PSU | B2: 3.010348
A3: Motilal Oswal | B3: 2.714852
A4: IIFL | B4: 0.809577
A5: MNC | B5: 0.612766
A6: Thomas Cook - MNC | B6: 0.348129
A7: Mukesh Ambani | B7: 0.32138

Sheet IB43-7F
A1: IB43-Groww Nifty 50 Index Fund
A2: Top 7 issuers and stocks respectively as % of NAV of the scheme
A3: ISIN | B3: Name Of Instrument | C3: Rating/Industry | D3: % To Net Assets
A4: INE040A01034 | B4: HDFC Bank Limited | C4: Banks | D4: 0.10229942
A5: INE090A01021 | B5: ICICI Bank Limited | C5: Banks | D5: 0.091816962
A6: INE002A01018 | B6: Reliance Industries Limited | C6: Petroleum Products | D6: 0.078886517
A7: INE397D01024 | B7: Bharti Airtel Limited | C7: Telecom - Services | D7: 0.053542546
A8: INE018A01030 | B8: Larsen & Toubro Limited | C8: Construction | D8: 0.041155693
A9: INE062A01020 | B9: State Bank of India | C9: Banks | D9: 0.037919293
A10: INE009A01021 | B10: Infosys Limited | C10: IT - Software | D10: 0.035392883
A14: Top 7 groups as % of NAV of the scheme
A15: Management Group | C15: % to NAV
A16: =+'Nifty 50 Index'!A1 -> HDFC | C16: 0.1076
A17: =+'Nifty 50 Index'!A2 -> ICICI | C17: 0.0918
A18: =+'Nifty 50 Index'!A3 -> Mukesh Ambani | C18: 0.0864
A19: =+'Nifty 50 Index'!A4 -> Tata | C19: 0.0751
A20: =+'Nifty 50 Index'!A5 -> PSU | C20: 0.0559
A21: =+'Nifty 50 Index'!A6 -> Bharti | C21: 0.0535
A22: =+'Nifty 50 Index'!A7 -> Bajaj | C22: 0.0492
A24: Top 4 sectors as % of NAV of the scheme
A25: Sector | B25: % to NAV
A26: Banks | B26: 28.92
A27: IT - Software | B27: 8.34
A28: Petroleum Products | B28: 7.89
A29: Automobiles | B29: 7.1

Sheet Nifty 50 Index
A1: HDFC | B1: 10.756778
A2: ICICI | B2: 9.181696
A3: Mukesh Ambani | B3: 8.640005
A4: Tata | B4: 7.508865
A5: PSU | B5: 5.586504
A6: Bharti | B6: 5.354255
A7: Bajaj | B7: 4.916446

Sheet IB44-7E
A1: IB44-Groww Nifty 50 ETF
A2: Top 7 issuers and stocks respectively as % of NAV of the scheme
A3: ISIN | B3: Name Of Instrument | C3: Rating/Industry | D3: % To Net Assets
A4: INE040A01034 | B4: HDFC Bank Limited | C4: Banks | D4: 0.1021636
A5: INE090A01021 | B5: ICICI Bank Limited | C5: Banks | D5: 0.091694175
A6: INE002A01018 | B6: Reliance Industries Limited | C6: Petroleum Products | D6: 0.078783903
A7: INE397D01024 | B7: Bharti Airtel Limited | C7: Telecom - Services | D7: 0.053476435
A8: INE018A01030 | B8: Larsen & Toubro Limited | C8: Construction | D8: 0.0411051
A9: INE062A01020 | B9: State Bank of India | C9: Banks | D9: 0.037867152
A10: INE009A01021 | B10: Infosys Limited | C10: IT - Software | D10: 0.035344466
A14: Top 7 groups as % of NAV of the scheme
A15: Management Group | C15: % to NAV
A16: =+'Nifty 50 ETF'!A1 -> HDFC | C16: 0.1074
A17: =+'Nifty 50 ETF'!A2 -> ICICI | C17: 0.0917
A18: =+'Nifty 50 ETF'!A3 -> Mukesh Ambani | C18: 0.0863
A19: =+'Nifty 50 ETF'!A4 -> Tata | C19: 0.075
A20: =+'Nifty 50 ETF'!A5 -> PSU | C20: 0.0558
A21: =+'Nifty 50 ETF'!A6 -> Bharti | C21: 0.0535
A22: =+'Nifty 50 ETF'!A7 -> Bajaj | C22: 0.0491
A24: Top 4 sectors as % of NAV of the scheme
A25: Sector | B25: % to NAV
A26: Banks | B26: 28.88
A27: IT - Software | B27: 8.33
A28: Petroleum Products | B28: 7.88
A29: Automobiles | B29: 7.09

Sheet Nifty 50 ETF
A1: HDFC | B1: 10.74255
A2: ICICI | B2: 9.169418
A3: Mukesh Ambani | B3: 8.628675
A4: Tata | B4: 7.499055
A5: PSU | B5: 5.579167
A6: Bharti | B6: 5.347644
A7: Bajaj | B7: 4.910159

Sheet IB45-8E
A1: IB45-Groww BSE Power ETF
A2: Top 7 issuers and stocks respectively as % of NAV of the scheme
A3: ISIN | B3: Name Of Instrument | C3: Rating/Industry | D3: % To Net Assets
A4: INE733E01010 | B4: NTPC Limited | C4: Power | D4: 0.17252436
A5: INE752E01010 | B5: Power Grid Corporation of India Limited | C5: Power | D5: 0.1355171
A6: INE814H01029 | B6: Adani Power Limited | C6: Power | D6: 0.089504328
A7: INE245A01021 | B7: The Tata Power Company Limited | C7: Power | D7: 0.066145702
A8: INE257A01026 | B8: Bharat Heavy Electricals Limited | C8: Electrical Equipment | D8: 0.062282924
A9: INE067A01029 | B9: CG Power and Industrial Solutions Limited | C9: Electrical Equipment | D9: 0.061147411
A10: INE040H01021 | B10: Suzlon Energy Limited | C10: Electrical Equipment | D10: 0.060595293
A14: Top 7 groups as % of NAV of the scheme
A15: Management Group | C15: % to NAV
A16: =+'BSE Power'!A1 -> PSU | C16: 0.396
A17: =+'BSE Power'!A2 -> Adani | C17: 0.1371
A18: =+'BSE Power'!A3 -> Tata | C18: 0.0661
A19: =+'BSE Power'!A4 -> Siemens - MNC | C19: 0.0651
A20: =+'BSE Power'!A5 -> Murugappa Chettiar | C20: 0.0611
A21: =+'BSE Power'!A6 -> Suzlon | C21: 0.0606
A22: =+'BSE Power'!A7 -> ABB India - MNC | C22: 0.0404
A24: Top 4 sectors as % of NAV of the scheme
A25: Sector | B25: % to NAV
A26: Power | B26: 59.58
A27: Electrical Equipment | B27: 40.43

Sheet BSE Power
A1: PSU | B1: 39.595107
A2: Adani | B2: 13.714958
A3: Tata | B3: 6.61457
A4: Siemens - MNC | B4: 6.50865
A5: Murugappa Chettiar | B5: 6.114741
A6: Suzlon | B6: 6.059529
A7: ABB India - MNC | B7: 4.038021

Sheet IB47-9E
A1: IB47-Groww Nifty Next 50 ETF
A2: Top 7 issuers and stocks respectively as % of NAV of the scheme
A3: ISIN | B3: Name Of Instrument | C3: Rating/Industry | D3: % To Net Assets
A4: INE361B01024 | B4: Divi's Laboratories Limited | C4: Pharmaceuticals & Biotechnology | D4: 0.040299627
A5: INE494B01023 | B5: TVS Motor Company Limited | C5: Automobiles | D5: 0.039891641
A6: INE1TAE01010 | B6: Tata Motors Limited | C6: Agricultural, Commercial & Construction Vehicles | D6: 0.03592731
A7: INE066F01020 | B7: Hindustan Aeronautics Limited | C7: Aerospace & Defense | D7: 0.034710771
A8: INE814H01029 | B8: Adani Power Limited | C8: Power | D8: 0.034530784
A9: INE121A01024 | B9: Cholamandalam Investment and Finance Company Limited | C9: Finance | D9: 0.031504752
A10: INE685A01028 | B10: Torrent Pharmaceuticals Limited | C10: Pharmaceuticals & Biotechnology | D10: 0.029555874
A14: Top 7 groups as % of NAV of the scheme
A15: Management Group | C15: % to NAV
A16: =+'Next 50 ETF'!A1 -> PSU | C16: 0.2196
A17: =+'Next 50 ETF'!A2 -> Tata | C17: 0.0937
A18: =+'Next 50 ETF'!A3 -> Adani | C18: 0.0741
A19: =+'Next 50 ETF'!A4 -> Murugappa Chettiar | C19: 0.0548
A20: =+'Next 50 ETF'!A5 -> Divis Labs | C20: 0.0403
A21: =+'Next 50 ETF'!A6 -> TVS Iyengar | C21: 0.0399
A22: =+'Next 50 ETF'!A7 -> Torrent | C22: 0.0296
A24: Top 4 sectors as % of NAV of the scheme
A25: Sector | B25: % to NAV
A26: Finance | B26: 12.09
A27: Power | B27: 9.91
A28: Pharmaceuticals & Biotechnology | B28: 8.1
A29: Electrical Equipment | B29: 6.26

Sheet Next 50 ETF
A1: PSU | B1: 21.957835
A2: Tata | B2: 9.371872
A3: Adani | B3: 7.405248
A4: Murugappa Chettiar | B4: 5.481831
A5: Divis Labs | B5: 4.029963
A6: TVS Iyengar | B6: 3.989164
A7: Torrent | B7: 2.955587

Sheet IB48-9F
A1: IB48-Groww Nifty Next 50 Index Fund
A2: Top 7 issuers and stocks respectively as % of NAV of the scheme
A3: ISIN | B3: Name Of Instrument | C3: Rating/Industry | D3: % To Net Assets
A4: INE361B01024 | B4: Divi's Laboratories Limited | C4: Pharmaceuticals & Biotechnology | D4: 0.040236329
A5: INE494B01023 | B5: TVS Motor Company Limited | C5: Automobiles | D5: 0.039844822
A6: INE1TAE01010 | B6: Tata Motors Limited | C6: Agricultural, Commercial & Construction Vehicles | D6: 0.035890309
A7: INE066F01020 | B7: Hindustan Aeronautics Limited | C7: Aerospace & Defense | D7: 0.034636477
A8: INE814H01029 | B8: Adani Power Limited | C8: Power | D8: 0.034495063
A9: INE121A01024 | B9: Cholamandalam Investment and Finance Company Limited | C9: Finance | D9: 0.03146978
A10: INE685A01028 | B10: Torrent Pharmaceuticals Limited | C10: Pharmaceuticals & Biotechnology | D10: 0.029529972
A14: Top 7 groups as % of NAV of the scheme
A15: Management Group | C15: % to NAV
A16: =+'Next 50 Idex'!A1 -> PSU | C16: 0.2193
A17: =+'Next 50 Idex'!A2 -> Tata | C17: 0.0936
A18: =+'Next 50 Idex'!A3 -> Adani | C18: 0.074
A19: =+'Next 50 Idex'!A4 -> Murugappa Chettiar | C19: 0.0548
A20: =+'Next 50 Idex'!A5 -> Divis Labs | C20: 0.0402
A21: =+'Next 50 Idex'!A6 -> TVS Iyengar | C21: 0.0398
A22: =+'Next 50 Idex'!A7 -> Torrent | C22: 0.0295
A24: Top 4 sectors as % of NAV of the scheme
A25: Sector | B25: % to NAV
A26: Finance | B26: 12.08
A27: Power | B27: 9.9
A28: Pharmaceuticals & Biotechnology | B28: 8.09
A29: Electrical Equipment | B29: 6.25

Sheet Next 50 Idex
A1: PSU | B1: 21.930165
A2: Tata | B2: 9.3614
A3: Adani | B3: 7.398043
A4: Murugappa Chettiar | B4: 5.475793
A5: Divis Labs | B5: 4.023633
A6: TVS Iyengar | B6: 3.984482
A7: Torrent | B7: 2.952997

Sheet IB50-XA
A1: IB50-Groww Nifty Realty ETF
A2: Top 7 issuers and stocks respectively as % of NAV of the scheme
A3: ISIN | B3: Name Of Instrument | C3: Rating/Industry | D3: % To Net Assets
A4: INE271C01023 | B4: DLF Limited | C4: Realty | D4: 0.1889
A5: INE211B01039 | B5: The Phoenix Mills Limited | C5: Realty | D5: 0.1578
A6: INE670K01029 | B6: Lodha Developers Limited | C6: Realty | D6: 0.1541
A7: INE484J01027 | B7: Godrej Properties Limited | C7: Realty | D7: 0.1272
A8: INE811K01011 | B8: Prestige Estates Projects Limited | C8: Realty | D8: 0.1217
A9: INE093I01010 | B9: Oberoi Realty Limited | C9: Realty | D9: 0.0961
A10: INE791I01019 | B10: Brigade Enterprises Limited | C10: Realty | D10: 0.048
A13: Top 7 groups as % of NAV of the scheme
A14: Management Group | C14: % to NAV
A15: =+'Reality ETF'!A1 -> DLF | C15: 0.1889
A16: =+'Reality ETF'!A2 -> Phoenix | C16: 0.1578
A17: =+'Reality ETF'!A3 -> Godrej | C17: 0.1272
A18: =+'Reality ETF'!A4 -> Prestige | C18: 0.1217
A19: =+'Reality ETF'!A5 -> Vikas Oberoi | C19: 0.0961
A20: =+'Reality ETF'!A6 -> MR Jaishankar | C20: 0.048
A21: =+'Reality ETF'!A7 -> Birla Aditya | C21: 0.0332
A23: Top 4 sectors as % of NAV of the scheme
A24: Sector | B24: % to NAV
A25: Realty | B25: 99.69

Sheet Reality ETF
A1: DLF | B1: 18.891572
A2: Phoenix | B2: 15.782452
A3: Godrej | B3: 12.718155
A4: Prestige | B4: 12.174428
A5: Vikas Oberoi | B5: 9.606758
A6: MR Jaishankar | B6: 4.803939
A7: Birla Aditya | B7: 3.318386

Sheet IB51-XB
A1: IB51-Groww Nifty Capital Markets ETF
A2: Top 7 issuers and stocks respectively as % of NAV of the scheme
A3: ISIN | B3: Name Of Instrument | C3: Rating/Industry | D3: % To Net Assets
A4: INE118H01025 | B4: BSE Ltd | C4: Capital Markets | D4: 0.19282954
A5: INE745G01043 | B5: Multi Commodity Exchange of India Limited | C5: Capital Markets | D5: 0.16064508
A6: INE127D01025 | B6: HDFC Asset Management Company Limited | C6: Capital Markets | D6: 0.12474587
A7: INE466L01038 | B7: 360 ONE WAM LIMITED | C7: Capital Markets | D7: 0.068810285
A8: INE736A01011 | B8: Central Depository Services (India) Limited | C8: Capital Markets | D8: 0.055543042
A9: INE298J01013 | B9: Nippon Life India Asset Management Limited | C9: Capital Markets | D9: 0.048702315
A10: INE732I01021 | B10: Angel One Limited | C10: Capital Markets | D10: 0.045276708
A14: Top 7 groups as % of NAV of the scheme
A15: Management Group | C15: % to NAV
A16: =+'capital market ETF'!A1 -> MCX | C16: 0.1606
A17: =+'capital market ETF'!A2 -> HDFC | C17: 0.1247
A18: =+'capital market ETF'!A3 -> IIFL | C18: 0.0688
A19: =+'capital market ETF'!A4 -> CDSL | C19: 0.0555
A20: =+'capital market ETF'!A5 -> ICICI | C20: 0.0356
A21: =+'capital market ETF'!A6 -> Edelweiss | C21: 0.0326
A22: =+'capital market ETF'!A7 -> Motilal Oswal | C22: 0.0312
A24: Top 4 sectors as % of NAV of the scheme
A25: Sector | B25: % to NAV
A26: Capital Markets | B26: 99.91

Sheet capital market ETF
A1: MCX | B1: 16.064508
A2: HDFC | B2: 12.474587
A3: IIFL | B3: 6.881028
A4: CDSL | B4: 5.554304
A5: ICICI | B5: 3.563714
A6: Edelweiss | B6: 3.260573
A7: Motilal Oswal | B7: 3.11688

Sheet IB52-XC
A1: IB52-Groww Nifty Smallcap 250 ETF
A2: Top 7 issuers and stocks respectively as % of NAV of the scheme
A3: ISIN | B3: Name Of Instrument | C3: Rating/Industry | D3: % To Net Assets
A4: INE073K01018 | B4: Sona BLW Precision Forgings Limited | C4: Auto Components | D4: 0.016004931
A5: INE036D01028 | B5: Karur Vysya Bank Limited | C5: Banks | D5: 0.015010869
A6: INE048G01026 | B6: Navin Fluorine International Limited | C6: Chemicals & Petrochemicals | D6: 0.012924445
A7: INE148O01028 | B7: Delhivery Limited | C7: Transport Services | D7: 0.012524403
A8: INE202B01038 | B8: Piramal Finance Limited | C8: Finance | D8: 0.011478788
A9: INE0LEZ01016 | B9: Ather Energy Limited | C9: Automobiles | D9: 0.011219074
A10: INE736A01011 | B10: Central Depository Services (India) Limited | C10: Capital Markets | D10: 0.011014559
A14: Top 7 groups as % of NAV of the scheme
A15: Management Group | C15: % to NAV
A16: =+'smc250 ETF'!A1 -> PSU | C16: 0.069
A17: =+'smc250 ETF'!A2 -> MNC | C17: 0.0262
A18: =+'smc250 ETF'!A3 -> Murugappa Chettiar | C18: 0.0164
A19: =+'smc250 ETF'!A4 -> Tata | C19: 0.0137
A20: =+'smc250 ETF'!A5 -> RP Sanjiv Goenka | C20: 0.0136
A21: =+'smc250 ETF'!A6 -> Arvind Mafatlal | C21: 0.0129
A22: =+'smc250 ETF'!A7 -> Welspun | C22: 0.0123
A24: Top 4 sectors as % of NAV of the scheme
A25: Sector | B25: % to NAV
A26: Finance | B26: 9.76
A27: Pharmaceuticals & Biotechnology | B27: 8.37
A28: Industrial Products | B28: 7.08
A29: Auto Components | B29: 6.75

Sheet smc250 ETF
A1: PSU | B1: 6.902776
A2: MNC | B2: 2.624663
A3: Murugappa Chettiar | B3: 1.638189
A4: Tata | B4: 1.374351
A5: RP Sanjiv Goenka | B5: 1.362371
A6: Arvind Mafatlal | B6: 1.292444
A7: Welspun | B7: 1.232908

Sheet IB53-XD
A1: IB53-Groww Nifty Midcap 150 ETF
A2: Top 7 issuers and stocks respectively as % of NAV of the scheme
A3: ISIN | B3: Name Of Instrument | C3: Rating/Industry | D3: % To Net Assets
A4: INE118H01025 | B4: BSE Ltd | C4: Capital Markets | D4: 0.0357
A5: INE171A01029 | B5: The Federal Bank Limited | C5: Banks | D5: 0.0212
A6: INE947Q01028 | B6: Laurus Labs Limited | C6: Pharmaceuticals & Biotechnology | D6: 0.0169
A7: INE158A01026 | B7: Hero MotoCorp Limited | C7: Automobiles | D7: 0.0167
A8: INE745G01043 | B8: Multi Commodity Exchange of India Limited | C8: Capital Markets | D8: 0.0164
A9: INE095A01012 | B9: IndusInd Bank Limited | C9: Banks | D9: 0.016
A10: INE262H01021 | B10: PERSISTENT SYSTEMS LTD | C10: IT - Software | D10: 0.0144
A14: Top 7 groups as % of NAV of the scheme
A15: Management Group | C15: % to NAV
A16: =+'Midcap 150 ETF'!A1 -> PSU | C16: 0.1099
A17: =+'Midcap 150 ETF'!A2 -> MNC | C17: 0.0357
A18: =+'Midcap 150 ETF'!A3 -> Hinduja | C18: 0.0274
A19: =+'Midcap 150 ETF'!A4 -> Federal Bank | C19: 0.0212
A20: =+'Midcap 150 ETF'!A5 -> Om Prakash Jindal | C20: 0.0181
A21: =+'Midcap 150 ETF'!A6 -> ICICI | C21: 0.018
A22: =+'Midcap 150 ETF'!A7 -> Tata | C22: 0.0173
A24: Top 4 sectors as % of NAV of the scheme
A25: Sector | B25: % to NAV
A26: Banks | B26: 8.94
A27: Pharmaceuticals & Biotechnology | B27: 8.82
A28: Capital Markets | B28: 7.46
A29: Electrical Equipment | B29: 6.91

Sheet Midcap 150 ETF
A1: PSU | B1: 10.987952
A2: MNC | B2: 3.5667
A3: Hinduja | B3: 2.737878
A4: Federal Bank | B4: 2.120164
A5: Om Prakash Jindal | B5: 1.811807
A6: ICICI | B6: 1.796344
A7: Tata | B7: 1.728853

Sheet IB54-YD
A1: IB54-Groww Nifty Midcap 150 Index Fund
A2: Top 7 issuers and stocks respectively as % of NAV of the scheme
A3: ISIN | B3: Name Of Instrument | C3: Rating/Industry | D3: % To Net Assets
A4: INE118H01025 | B4: BSE Ltd | C4: Capital Markets | D4: 0.035673068
A5: INE171A01029 | B5: The Federal Bank Limited | C5: Banks | D5: 0.021188108
A6: INE947Q01028 | B6: Laurus Labs Limited | C6: Pharmaceuticals & Biotechnology | D6: 0.016926951
A7: INE158A01026 | B7: Hero MotoCorp Limited | C7: Automobiles | D7: 0.01672041
A8: INE745G01043 | B8: Multi Commodity Exchange of India Limited | C8: Capital Markets | D8: 0.016444089
A9: INE095A01012 | B9: IndusInd Bank Limited | C9: Banks | D9: 0.015973875
A10: INE262H01021 | B10: PERSISTENT SYSTEMS LTD | C10: IT - Software | D10: 0.014429932
A14: Top 7 groups as % of NAV of the scheme
A15: Management Group | C15: % to NAV
A16: =+'Midcap 150 Index'!A1 -> PSU | C16: 0.1098
A17: =+'Midcap 150 Index'!A2 -> MNC | C17: 0.0359
A18: =+'Midcap 150 Index'!A3 -> Hinduja | C18: 0.0274
A19: =+'Midcap 150 Index'!A4 -> Federal Bank | C19: 0.0212
A20: =+'Midcap 150 Index'!A5 -> Om Prakash Jindal | C20: 0.0181
A21: =+'Midcap 150 Index'!A6 -> ICICI | C21: 0.018
A22: =+'Midcap 150 Index'!A7 -> Tata | C22: 0.0173
A24: Top 4 sectors as % of NAV of the scheme
A25: Sector | B25: % to NAV
A26: Banks | B26: 8.94
A27: Pharmaceuticals & Biotechnology | B27: 8.85
A28: Capital Markets | B28: 7.46
A29: Electrical Equipment | B29: 6.96

Sheet Midcap 150 Index
A1: PSU | B1: 10.983669
A2: MNC | B2: 3.59088
A3: Hinduja | B3: 2.736483
A4: Federal Bank | B4: 2.118811
A5: Om Prakash Jindal | B5: 1.811868
A6: ICICI | B6: 1.797476
A7: Tata | B7: 1.731811

Sheet IB57-XE
A1: IB57-Groww Nifty Metal ETF
A2: Top 7 issuers and stocks respectively as % of NAV of the scheme
A3: ISIN | B3: Name Of Instrument | C3: Rating/Industry | D3: % To Net Assets
A4: INE081A01020 | B4: Tata Steel Limited | C4: Ferrous Metals | D4: 0.19090798
A5: INE038A01020 | B5: Hindalco Industries Limited | C5: Non - Ferrous Metals | D5: 0.17178195
A6: INE019A01038 | B6: JSW Steel Limited | C6: Ferrous Metals | D6: 0.14503254
A7: INE423A01024 | B7: Adani Enterprises Limited | C7: Metals & Minerals Trading | D7: 0.1057288
A8: INE205A01025 | B8: Vedanta Limited | C8: Diversified Metals | D8: 0.054558576
A9: INE749A01030 | B9: Jindal Steel Limited | C9: Ferrous Metals | D9: 0.049718347
A10: INE702C01027 | B10: APL Apollo Tubes Limited | C10: Industrial Products | D10: 0.040326371
A14: Top 7 groups as % of NAV of the scheme
A15: Management Group | C15: % to NAV
A16: =+'Metal ETF'!A1 -> Om Prakash Jindal | C16: 0.2228
A17: =+'Metal ETF'!A2 -> Tata | C17: 0.1909
A18: =+'Metal ETF'!A3 -> Birla Aditya | C18: 0.1718
A19: =+'Metal ETF'!A4 -> PSU | C19: 0.1234
A20: =+'Metal ETF'!A5 -> Adani | C20: 0.1057
A21: =+'Metal ETF'!A6 -> Vedanta - MNC | C21: 0.0861
A22: =+'Metal ETF'!A7 -> Sanjay Gupta | C22: 0.0403
A24: Top 4 sectors as % of NAV of the scheme
A25: Sector | B25: % to NAV
A26: Ferrous Metals | B26: 44.34
A27: Non - Ferrous Metals | B27: 26.12
A28: Metals & Minerals Trading | B28: 10.57
A29: Minerals & Mining | B29: 6.82

Sheet Metal ETF
A1: Om Prakash Jindal | B1: 22.277168
A2: Tata | B2: 19.090798
A3: Birla Aditya | B3: 17.178195
A4: PSU | B4: 12.339841
A5: Adani | B5: 10.57288
A6: Vedanta - MNC | B6: 8.613025
A7: Sanjay Gupta | B7: 4.032637

Sheet IB59-XF
A1: IB59-Groww Nifty Chemicals ETF
A2: Top 7 issuers and stocks respectively as % of NAV of the scheme
A3: ISIN | B3: Name Of Instrument | C3: Rating/Industry | D3: % To Net Assets
A4: INE318A01026 | B4: Pidilite Industries Limited | C4: Chemicals & Petrochemicals | D4: 0.1333
A5: INE343H01029 | B5: Solar Industries India Limited | C5: Chemicals & Petrochemicals | D5: 0.1196
A6: INE647A01010 | B6: SRF Limited | C6: Chemicals & Petrochemicals | D6: 0.1017
A7: INE628A01036 | B7: UPL Limited | C7: Fertilizers & Agrochemicals | D7: 0.0905
A8: INE048G01026 | B8: Navin Fluorine International Limited | C8: Chemicals & Petrochemicals | D8: 0.0744
A9: INE169A01031 | B9: Coromandel International Limited | C9: Fertilizers & Agrochemicals | D9: 0.0662
A10: INE603J01030 | B10: PI Industries Limited | C10: Fertilizers & Agrochemicals | D10: 0.0595
A14: Top 7 groups as % of NAV of the scheme
A15: Management Group | C15: % to NAV
A16: =+Chemicals!A1 -> Parekh | C16: 0.1333
A17: =+Chemicals!A2 -> DCM | C17: 0.1017
A18: =+Chemicals!A3 -> Rajju Shroff | C18: 0.0905
A19: =+Chemicals!A4 -> Arvind Mafatlal | C19: 0.0744
A20: =+Chemicals!A5 -> Murugappa Chettiar | C20: 0.0662
A21: =+Chemicals!A6 -> Singhal | C21: 0.0595
A22: =+Chemicals!A7 -> Mehta CK | C22: 0.0583
A24: Top 4 sectors as % of NAV of the scheme
A25: Sector | B25: % to NAV
A26: Chemicals & Petrochemicals | B26: 73.11
A27: Fertilizers & Agrochemicals | B27: 26.47

Sheet Chemicals
A1: Parekh | B1: 13.332504
A2: DCM | B2: 10.166909
A3: Rajju Shroff | B3: 9.049
A4: Arvind Mafatlal | B4: 7.436024
A5: Murugappa Chettiar | B5: 6.61733
A6: Singhal | B6: 5.951638
A7: Mehta CK | B7: 5.82567

Sheet IB61-XG
A1: IB61-Groww Nifty PSE ETF
A2: Top 7 issuers and stocks respectively as % of NAV of the scheme
A3: ISIN | B3: Name Of Instrument | C3: Rating/Industry | D3: % To Net Assets
A4: INE733E01010 | B4: NTPC Limited | C4: Power | D4: 0.1333
A5: INE263A01024 | B5: Bharat Electronics Limited | C5: Aerospace & Defense | D5: 0.1125
A6: INE752E01010 | B6: Power Grid Corporation of India Limited | C6: Power | D6: 0.1042
A7: INE522F01014 | B7: Coal India Limited | C7: Consumable Fuels | D7: 0.0803
A8: INE213A01029 | B8: Oil & Natural Gas Corporation Limited | C8: Oil | D8: 0.0763
A9: INE066F01020 | B9: Hindustan Aeronautics Limited | C9: Aerospace & Defense | D9: 0.0714
A10: INE029A01011 | B10: Bharat Petroleum Corporation Limited | C10: Petroleum Products | D10: 0.0525
A14: Top 7 groups as % of NAV of the scheme
A15: Management Group | C15: % to NAV
A16: PSU | C16: 0.9982
A24: Top 4 sectors as % of NAV of the scheme
A25: Sector | B25: % to NAV
A26: Power | B26: 26.16
A27: Aerospace & Defense | B27: 18.39
A28: Petroleum Products | B28: 12.52
A29: Finance | B29: 10.23

Sheet IB63-XH
A1: IB63-Groww BSE Hospitals ETF
A2: Top 7 issuers and stocks respectively as % of NAV of the scheme
A3: ISIN | B3: Name Of Instrument | C3: Rating/Industry | D3: % To Net Assets
A4: INE027H01010 | B4: Max Healthcare Institute Limited | C4: Healthcare Services | D4: 0.2077
A5: INE437A01024 | B5: Apollo Hospitals Enterprise Limited | C5: Healthcare Services | D5: 0.2016
A6: INE061F01013 | B6: Fortis Healthcare Limited | C6: Healthcare Services | D6: 0.1824
A7: INE914M01019 | B7: Aster DM Healthcare Limited | C7: Healthcare Services | D7: 0.0884
A8: INE967H01025 | B8: Krishna Institute of Medical Sciences Limited | C8: Healthcare Services | D8: 0.0813
A9: INE410P01011 | B9: Narayana Hrudayalaya Limited | C9: Healthcare Services | D9: 0.0574
A10: INE474Q01031 | B10: GLOBAL HEALTH LIMITED | C10: Healthcare Services | D10: 0.0493
A14: Top 7 groups as % of NAV of the scheme
A15: Management Group | C15: % to NAV
A16: =+'BSE HOspital'!A1 -> Apollo Hospitals | C16: 0.2082
A17: =+'BSE HOspital'!A2 -> Max | C17: 0.2077
A18: =+'BSE HOspital'!A3 -> Fortis | C18: 0.1824
A19: =+'BSE HOspital'!A4 -> Devi Prasad Shetty | C19: 0.0574
A20: =+'BSE HOspital'!A5 -> HCG | C20: 0.0143
A21: =+'BSE HOspital'!A6 -> Raunaq Singh | C21: 0.0059
A22: =+'BSE HOspital'!A7 -> 0
A24: Top 4 sectors as % of NAV of the scheme
A25: Sector | B25: % to NAV
A26: Healthcare Services | B26: 99.98

Sheet BSE HOspital
A1: Apollo Hospitals | B1: 20.816228
A2: Max | B2: 20.768548
A3: Fortis | B3: 18.241678
A4: Devi Prasad Shetty | B4: 5.736673
A5: HCG | B5: 1.425754
A6: Raunaq Singh | B6: 0.593958

Sheet IB65-YI
A1: IB65-Groww Nifty PSU Bank Index Fund
A2: Top 7 issuers and stocks respectively as % of NAV of the scheme
A3: ISIN | B3: Name Of Instrument | C3: Rating/Industry | D3: % To Net Assets
A4: INE062A01020 | B4: State Bank of India | C4: Banks | D4: 0.338
A5: INE028A01039 | B5: Bank of Baroda | C5: Banks | D5: 0.1261
A6: INE476A01022 | B6: Canara Bank | C6: Banks | D6: 0.1176
A7: INE160A01022 | B7: Punjab National Bank | C7: Banks | D7: 0.1087
A8: INE692A01016 | B8: Union Bank of India | C8: Banks | D8: 0.0927
A9: INE562A01011 | B9: Indian Bank | C9: Banks | D9: 0.0828
A10: INE084A01016 | B10: Bank of India | C10: Banks | D10: 0.047
A14: Top 7 groups as % of NAV of the scheme
A15: Management Group | C15: % to NAV
A16: PSU | C16: 0.6599
A17: PSU - SBI | C17: 0.338
A24: Top 4 sectors as % of NAV of the scheme
A25: Sector | B25: % to NAV
A26: Banks | B26: 99.79

Sheet IB66-XI
A1: IB66-Groww Nifty PSU Bank ETF
A2: Top 7 issuers and stocks respectively as % of NAV of the scheme
A3: ISIN | B3: Name Of Instrument | C3: Rating/Industry | D3: % To Net Assets
A4: INE062A01020 | B4: State Bank of India | C4: Banks | D4: 0.3381
A5: INE028A01039 | B5: Bank of Baroda | C5: Banks | D5: 0.1261
A6: INE476A01022 | B6: Canara Bank | C6: Banks | D6: 0.1177
A7: INE160A01022 | B7: Punjab National Bank | C7: Banks | D7: 0.1088
A8: INE692A01016 | B8: Union Bank of India | C8: Banks | D8: 0.0927
A9: INE562A01011 | B9: Indian Bank | C9: Banks | D9: 0.0828
A10: INE084A01016 | B10: Bank of India | C10: Banks | D10: 0.047
A14: Top 7 groups as % of NAV of the scheme
A15: Management Group | C15: % to NAV
A16: PSU | C16: 0.6602
A17: PSU - SBI | C17: 0.3381
A24: Top 4 sectors as % of NAV of the scheme
A25: Sector | B25: % to NAV
A26: Banks | B26: 99.83

Sheet IB68-XJ
A1: IB68-Groww Nifty Private Bank ETF
A2: Top 7 issuers and stocks respectively as % of NAV of the scheme
A3: ISIN | B3: Name Of Instrument | C3: Rating/Industry | D3: % To Net Assets
A4: INE090A01021 | B4: ICICI Bank Limited | C4: Banks | D4: 0.22083223
A5: INE040A01034 | B5: HDFC Bank Limited | C5: Banks | D5: 0.19933529
A6: INE237A01036 | B6: Kotak Mahindra Bank Limited | C6: Banks | D6: 0.19559508
A7: INE238A01034 | B7: Axis Bank Limited | C7: Banks | D7: 0.18199368
A8: INE171A01029 | B8: The Federal Bank Limited | C8: Banks | D8: 0.06019921
A9: INE095A01012 | B9: IndusInd Bank Limited | C9: Banks | D9: 0.045394851
A10: INE092T01019 | B10: IDFC First Bank Limited | C10: Banks | D10: 0.038242232
A14: Top 7 groups as % of NAV of the scheme
A15: Management Group | C15: % to NAV
A16: =+'PVt bank ETF'!A1 -> ICICI | C16: 0.2208
A17: =+'PVt bank ETF'!A2 -> HDFC | C17: 0.1993
A18: =+'PVt bank ETF'!A3 -> Kotak | C18: 0.1956
A19: =+'PVt bank ETF'!A4 -> Axis Bank | C19: 0.182
A20: =+'PVt bank ETF'!A5 -> Federal Bank | C20: 0.0602
A21: =+'PVt bank ETF'!A6 -> Hinduja | C21: 0.0454
A22: =+'PVt bank ETF'!A7 -> IDFC | C22: 0.0382
A24: Top 4 sectors as % of NAV of the scheme
A25: Sector | B25: % to NAV
A26: Banks | B26: 99.54

Sheet PVt bank ETF
A1: ICICI | B1: 22.083223
A2: HDFC | B2: 19.933529
A3: Kotak | B3: 19.559508
A4: Axis Bank | B4: 18.199368
A5: Federal Bank | B5: 6.019921
A6: Hinduja | B6: 4.539485
A7: IDFC | B7: 3.824223

Sheet IB69-YJ
A1: IB69-Groww Nifty Private Bank Index
A2: Top 7 issuers and stocks respectively as % of NAV of the scheme
A3: ISIN | B3: Name Of Instrument | C3: Rating/Industry | D3: % To Net Assets
A4: INE090A01021 | B4: ICICI Bank Limited | C4: Banks | D4: 0.2207
A5: INE040A01034 | B5: HDFC Bank Limited | C5: Banks | D5: 0.1992
A6: INE237A01036 | B6: Kotak Mahindra Bank Limited | C6: Banks | D6: 0.1954
A7: INE238A01034 | B7: Axis Bank Limited | C7: Banks | D7: 0.1818
A8: INE171A01029 | B8: The Federal Bank Limited | C8: Banks | D8: 0.0602
A9: INE095A01012 | B9: IndusInd Bank Limited | C9: Banks | D9: 0.0453
A10: INE092T01019 | B10: IDFC First Bank Limited | C10: Banks | D10: 0.0382
A14: Top 7 groups as % of NAV of the scheme
A15: Management Group | C15: % to NAV
A16: =+'Pvt bank index'!A1 -> ICICI | C16: 0.2207
A17: =+'Pvt bank index'!A2 -> HDFC | C17: 0.1992
A18: =+'Pvt bank index'!A3 -> Kotak | C18: 0.1954
A19: =+'Pvt bank index'!A4 -> Axis Bank | C19: 0.1818
A20: =+'Pvt bank index'!A5 -> Federal Bank | C20: 0.0602
A21: =+'Pvt bank index'!A6 -> Hinduja | C21: 0.0453
A22: =+'Pvt bank index'!A7 -> IDFC | C22: 0.0382
A24: Top 4 sectors as % of NAV of the scheme
A25: Sector | B25: % to NAV
A26: Banks | B26: 99.46

Sheet Pvt bank index
A1: ICICI | B1: 22.067498
A2: HDFC | B2: 19.917625
A3: Kotak | B3: 19.543992
A4: Axis Bank | B4: 18.182917
A5: Federal Bank | B5: 6.015278
A6: Hinduja | B6: 4.533881
A7: IDFC | B7: 3.821214

Sheet IB70-XK
A1: IB70-Groww Nifty Smallcap 250Mom Qlty 100 ETF
A2: Top 7 issuers and stocks respectively as % of NAV of the scheme
A3: ISIN | B3: Name Of Instrument | C3: Rating/Industry | D3: % To Net Assets
A4: INE073K01018 | B4: Sona BLW Precision Forgings Limited | C4: Auto Components | D4: 0.03466409
A5: INE036D01028 | B5: Karur Vysya Bank Limited | C5: Banks | D5: 0.03417255
A6: INE048G01026 | B6: Navin Fluorine International Limited | C6: Chemicals & Petrochemicals | D6: 0.029952091
A7: INE463V01026 | B7: Anand Rathi Wealth Limited | C7: Capital Markets | D7: 0.029932112
A8: INE191B01025 | B8: WELSPUN CORP LTD | C8: Industrial Products | D8: 0.02945948
A9: INE548A01028 | B9: HFCL Limited | C9: Telecom - Services | D9: 0.027382969
A10: INE00FF01025 | B10: Acutaas Chemicals Limited | C10: Pharmaceuticals & Biotechnology | D10: 0.026953928
A14: Top 7 groups as % of NAV of the scheme
A15: Management Group | C15: % to NAV
A16: =+'quality 100 ETF'!A1 -> PSU | C16: 0.075
A17: =+'quality 100 ETF'!A2 -> Welspun | C17: 0.0335
A18: =+'quality 100 ETF'!A3 -> Arvind Mafatlal | C18: 0.03
A19: =+'quality 100 ETF'!A4 -> HFCL | C19: 0.0274
A20: =+'quality 100 ETF'!A5 -> Himadri | C20: 0.0226
A21: =+'quality 100 ETF'!A6 -> CDSL | C21: 0.0214
A22: =+'quality 100 ETF'!A7 -> Aegis Logistics - MNC | C22: 0.0201
A24: Top 4 sectors as % of NAV of the scheme
A25: Sector | B25: % to NAV
A26: Capital Markets | B26: 11.75
A27: Pharmaceuticals & Biotechnology | B27: 10.27
A28: Industrial Products | B28: 8.98
A29: Auto Components | B29: 7.63

Sheet quality 100 ETF
A1: PSU | B1: 7.503223
A2: Welspun | B2: 3.351608
A3: Arvind Mafatlal | B3: 2.995209
A4: HFCL | B4: 2.738297
A5: Himadri | B5: 2.257568
A6: CDSL | B6: 2.137859
A7: Aegis Logistics - MNC | B7: 2.012681

Sheet IB71-YK
A1: IB71-Groww Nifty Smallcap 250Mom Qlty100 Indx
A2: Top 7 issuers and stocks respectively as % of NAV of the scheme
A3: ISIN | B3: Name Of Instrument | C3: Rating/Industry | D3: % To Net Assets
A4: INE073K01018 | B4: Sona BLW Precision Forgings Limited | C4: Auto Components | D4: 0.035958177
A5: INE036D01028 | B5: Karur Vysya Bank Limited | C5: Banks | D5: 0.035451574
A6: INE463V01026 | B6: Anand Rathi Wealth Limited | C6: Capital Markets | D6: 0.031043336
A7: INE048G01026 | B7: Navin Fluorine International Limited | C7: Chemicals & Petrochemicals | D7: 0.031027279
A8: INE191B01025 | B8: WELSPUN CORP LTD | C8: Industrial Products | D8: 0.030555265
A9: INE548A01028 | B9: HFCL Limited | C9: Telecom - Services | D9: 0.028277046
A10: INE00FF01025 | B10: Acutaas Chemicals Limited | C10: Pharmaceuticals & Biotechnology | D10: 0.027955923
A14: Top 7 groups as % of NAV of the scheme
A15: Management Group | C15: % to NAV
A16: =+'quality 100 Index'!A1 -> PSU | C16: 0.0779
A17: =+'quality 100 Index'!A2 -> Welspun | C17: 0.0348
A18: =+'quality 100 Index'!A3 -> Arvind Mafatlal | C18: 0.031
A19: =+'quality 100 Index'!A4 -> HFCL | C19: 0.0283
A20: =+'quality 100 Index'!A5 -> Himadri | C20: 0.0234
A21: =+'quality 100 Index'!A6 -> CDSL | C21: 0.0222
A22: =+'quality 100 Index'!A7 -> Aegis Logistics - MNC | C22: 0.0209
A24: Top 4 sectors as % of NAV of the scheme
A25: Sector | B25: % to NAV
A26: Capital Markets | B26: 12.19
A27: Pharmaceuticals & Biotechnology | B27: 10.66
A28: Industrial Products | B28: 9.32
A29: Auto Components | B29: 7.91

Sheet quality 100 Index
A1: PSU | B1: 7.785893
A2: Welspun | B2: 3.476318
A3: Arvind Mafatlal | B3: 3.102728
A4: HFCL | B4: 2.827705
A5: Himadri | B5: 2.342542
A6: CDSL | B6: 2.217025
A7: Aegis Logistics - MNC | B7: 2.086591

Sheet IB72- XL
A1: IB72- Groww Nifty Cements ETF
A2: Top 7 issuers and stocks respectively as % of NAV of the scheme
A3: ISIN | B3: Name Of Instrument | C3: Rating/Industry | D3: % To Net Assets
A4: INE481G01011 | B4: UltraTech Cement Limited | C4: Cement & Cement Products | D4: 0.15436131
A5: INE070A01015 | B5: Shree Cement Limited | C5: Cement & Cement Products | D5: 0.1481691
A6: INE047A01021 | B6: Grasim Industries Limited | C6: Cement & Cement Products | D6: 0.14727299
A7: INE079A01024 | B7: Ambuja Cements Limited | C7: Cement & Cement Products | D7: 0.14228088
A8: INE823G01014 | B8: JK Cement Limited | C8: Cement & Cement Products | D8: 0.12014979
A9: INE00R701025 | B9: Dalmia Bharat Limited | C9: Cement & Cement Products | D9: 0.075513291
A10: INE331A01037 | B10: The Ramco Cements Limited | C10: Cement & Cement Products | D10: 0.061267383
A14: Top 7 groups as % of NAV of the scheme
A15: Management Group | C15: % to NAV
A16: =+'Cement ETF'!A1 -> Birla Aditya | C16: 0.3016
A17: =+'Cement ETF'!A2 -> Shree Cement | C17: 0.1482
A18: =+'Cement ETF'!A3 -> Ambuja - MNC | C18: 0.1423
A19: =+'Cement ETF'!A4 -> JK Cements | C19: 0.1401
A20: =+'Cement ETF'!A5 -> Dalmia Bharat | C20: 0.0755
A21: =+'Cement ETF'!A6 -> Ramco | C21: 0.0613
A22: =+'Cement ETF'!A7 -> ACC | C22: 0.043
A24: Top 4 sectors as % of NAV of the scheme
A25: Sector | B25: % to NAV
A26: Cement & Cement Products | B26: 99.62

Sheet Cement ETF
A1: Birla Aditya | B1: 30.16343
A2: Shree Cement | B2: 14.81691
A3: Ambuja - MNC | B3: 14.228088
A4: JK Cements | B4: 14.01381
A5: Dalmia Bharat | B5: 7.551329
A6: Ramco | B6: 6.126738
A7: ACC | B7: 4.296634

Sheet Sheet1
A1: HDFC | B1: 15.88
A2: Mukesh Ambani | B2: 10.41
A3: Tata | B3: 8.42
A4: ICICI Bank Group | B4: 7.63
A5: Indian Private Infosys | B5: 6.94
A6: MNC Asc-ITC | B6: 4.46
A7: L & T | B7: 3.4
